 Dungeon Crawl Stone Soup version 0.24-a0-269-g32ec7ca (webtiles) character file.

Game seed: 17349313060262188991

43 HallandMoats the Skirmisher (level 3, -6/30 HPs)
             Began as a Demonspawn Fighter on Apr 22, 2019.
             Mangled by a gnoll
             ... wielding a +0 spear
              (8 damage)
             ... on level 1 of the Dungeon.
             The game lasted 00:01:59 (1484 turns).

HallandMoats the Skirmisher (Demonspawn Fighter)    Turns: 1484, Time: 00:01:59

Health: -6/30      AC:  9    Str: 17    XL:     3   Next: 37%
Magic:  3/3        EV:  9    Int:  6    God:
Gold:   100        SH:  0    Dex: 12    Spells: 2/2 levels left

rFire    . . .     SeeInvis .   a - +0 war axe
rCold    . . .     Gourm    .   (no shield)
rNeg     . . .     Faith    .   b - +0 scale mail
rPois    .         Spirit   .   (no helmet)
rElec    .         Reflect  .   (no cloak)
rCorr    .         Harm     .   (no gloves)
MR       .....                  o - +0 pair of boots
Stlth    ..........             k - amulet of magic regeneration
HPRegen  0.10/turn              n - -3 ring of intelligence (curse)
MPRegen  0.33/turn              (no ring)

@: no status effects
A: slimy green scales 1
a: no special abilities


You were on level 1 of the Dungeon.
You were not hungry.

You visited 1 branch of the dungeon, and saw 2 of its levels.

You collected 100 gold pieces.

Inventory:

Hand Weapons
 a - a +0 war axe (weapon)
Armour
 b - a +0 scale mail (worn)
 c - a +0 shield
 o - a +0 pair of boots (worn)
Jewellery
 k - an amulet of magic regeneration (around neck)
 n - a cursed -3 ring of intelligence (left hand)
 p - an uncursed ring of magical power
Scrolls
 e - 2 scrolls of fog {unknown}
 g - 2 scrolls of identify {unknown}
 h - a scroll of enchant weapon {unknown}
 i - 2 scrolls of noise {unknown}
 m - a scroll of amnesia {unknown}
Potions
 d - a potion of might
 j - 2 potions of heal wounds {unknown}
Comestibles
 f - 7 rations
 l - 3 chunks of flesh


   Skills:
 * Level 3.6 Fighting
 + Level 2.2 Axes
 + Level 3.0 Armour
 + Level 1.0 Dodging
 - Level 2.6 Shields


You had 2 spell levels left.
You didn't know any spells.
Your spell library was empty.

Dungeon Overview and Level Annotations

Branches:
Dungeon (2/15)

Altars:
Ashenzari


Innate Abilities, Weirdness & Mutations

You are partially covered in slimy green scales. (AC +2)


Message History

The gnoll is heavily wounded.
You completely miss the plant. You hit the plant but do no damage.
The gnoll hits you with a +0 spear.
* * * LOW HITPOINT WARNING * * *
You barely miss the gnoll.
The gnoll is heavily wounded.
You hit the plant but do no damage. You hit the plant.
The gnoll barely misses you.
You completely miss the gnoll.
The gnoll is heavily wounded.
You hit the plant. You slash the plant! The gnoll hits you but does no damage.
The gnoll barely misses you.
You closely miss the gnoll.
The gnoll is heavily wounded.
You hit the plant but do no damage. You hit the plant.
The gnoll hits you but does no damage.
You hit the gnoll but do no damage.
The gnoll is heavily wounded.
You hit the plant but do no damage. x2; The gnoll hits you with a +0 spear!
You die...

# #.....####....###.......##..
######.#...........###....##.###.
.....#'###########'#..........##.
.....#.#.#♣♣♣♣♣#.#.###....###....
.#...#.............#....#####.##.
####.#..♣..♣.♣..♣..#.##...(.#..#.
.....#≈#♣♣..≈..♣♣#≈#....###.##...
####.#≈#P♣.≈≈≈.♣P#≈####.###..#...
# ##.#≈#<..≈8≈.g@#≈# #..........
###..#≈#P♣.≈≈≈.♣P#≈# ###.........
.....#≈#♣♣..≈..♣♣#≈###...###.....
....##..♣..♣.♣..♣..#...### #.....
.....#..........(..#.#######.....
.....#.#.#♣♣♣♣♣#.#.#......##...#.
.....#'#### ###'######....###.
..........# #.# ##...## #.
..........# ##.#####..#..####


You could see a gnoll.

Vanquished Creatures
  A gnoll (D:1)
  An adder (D:2)
  A leopard gecko (D:1)
  A ball python (D:1)
  3 bats
  2 giant cockroaches
  3 frilled lizards (D:2)
  5 goblins
  3 kobolds
  6 rats
26 creatures vanquished.

Notes
Turn   | Place    | Note
-------+----------+-------------------------------------------
     0 | D:1      | HallandMoats the Demonspawn Fighter began the quest for the
                  | Orb.
     0 | D:1      | Reached XP level 1. HP: 18/18 MP: 1/1
    45 | D:1      | Found a shattered altar of Ashenzari.
   511 | D:1      | Gained mutation: You are partially covered in slimy green
                  | scales. (AC +2) [demonic ancestry]
   511 | D:1      | Reached XP level 2. HP: 17/24 MP: 2/2
  1328 | D:2      | Reached XP level 3. HP: 29/29 MP: 3/3
  1438 | D:1      | Reached skill level 1 in Dodging
  1480 | D:1      | HP: 1/30 [gnoll/+0 spear (2)]
  1484 | D:1      | Mangled by a gnoll

Levels and vault maps discovered:
D:1:      tarquinn_simple_flora_water_b, layout_rooms,
          nicolae_ashenzari_panopticon
D:2:      layout_loops_ring, gammafunk_temple_overflow_pools, first_ration

Skill      XL: |  1  2  3 |
---------------+----------+-----
Axes           | 2 |  2.2
Armour         | 3 |  3.0
Dodging        | 1 |  1.0
Fighting       | |  3.6
Shields        | |  2.6

Action                   || total
-------------------------++-------
Melee: War axe           ||   123
  Eat: Chunk             ||     2
Armor: Scale mail        ||   110
Dodge: Dodged            ||    92

Table legend:
 A = Non-vault XP
 B = Vault XP
 C = Vault XP percentage of total XP
 D = Non-vault monster count
 E = Vault monster count
 F = Vault count percentage of total count
                 A         B        C        D         E       F
            +---------+---------+-------+---------+---------+-------
      Total |      62 |       0 |   0.0 |      26 |       0 |   0.0
            +---------+---------+-------+---------+---------+-------
        D:1 |      34 |       0 |   0.0 |      13 |       0 |   0.0
        D:2 |      28 |       0 |   0.0 |      13 |       0 |   0.0
            +---------+---------+-------+---------+---------+-------
